 Dungeon Crawl Stone Soup version 0.31.0-9-g3a7656b989 (webtiles) character file.

Game seed: 14184505112244183547

26 qw the Shooter (level 2, 0/14 HPs)
             Began as a Spriggan Hunter on Feb 2, 2024.
             Slain by an adder (2 damage)
             ... on level 2 of the Dungeon.
             The game lasted 00:00:02 (966 turns).

qw the Shooter (Spriggan Hunter)                     Turns: 966, Time: 00:00:02

Health: 0/14       AC:  2    Str:  7    XL:     2   Next: 89%
Magic:  3/3        EV: 19    Int: 10    God:
Gold:   103        SH:  0    Dex: 18    Spells: 1/1 levels left

rFire   . . .        a - +0 shortbow
rCold   . . .        (shield currently unavailable)
rNeg    . . .        c - +0 robe
rPois   .            (helmet restricted)
rElec   .            (no cloak)
rCorr   .            (gloves unavailable)
SInv    +            (boots unavailable)
Will    .....        (no amulet)
Stlth   ++           (no ring)
HPRegen 0.22/turn    (no ring)
MPRegen 0.08/turn

%: no passive effects
@: very quick
A: very small, no large weapons, unfitting armour, see invisible, speed 3
a: no special abilities


You were on level 2 of the Dungeon.
You visited 1 branch of the dungeon, and saw 2 of its levels.

You collected 103 gold pieces.


Innate Abilities, Weirdness & Mutations

You are very small and have problems with some larger weapons.
You are too small for most types of armour.
You have supernaturally acute eyesight. (SInv)
You cover ground extremely quickly. (Speed+++)


   Skills:
 - Level 1.5 Fighting
 + Level 4.3 Ranged Weapons
 - Level 4.0 Dodging
 - Level 1.5 Stealth


You had one spell level left.
You didn't know any spells.
Your spell library was empty.

Inventory:

Hand Weapons
 a - a +0 shortbow (weapon)
Armour
 c - a +0 robe (worn)
Scrolls
 b - a scroll of enchant weapon {unknown}
Potions
 d - a potion of curing {unknown}
 e - a potion of resistance {unknown}

Dungeon Overview and Level Annotations

Branches:
Dungeon (2/15)

Altars:

Shops:
D:2 =


Message History

b - a scroll labelled FEWNIU DIEKENG You now have 103 gold pieces (gained 15).
d - a grey potion
Found a stone staircase leading down.
There is a stone staircase leading down here.
You see here a +0 dagger.
An adder comes into view.
You shoot an arrow. The arrow hits the adder.
The adder hisses angrily.
The adder is lightly wounded.
You hear a bark!
A jackal comes into view.
You shoot an arrow. The arrow closely misses the adder.
You shoot an arrow. The arrow barely misses the adder.
You shoot an arrow. The arrow closely misses the adder.
You shoot an arrow. The arrow hits the adder.
The adder is lightly wounded.
The adder bites you.
You are poisoned.
The adder poisons you! The adder bites you.
You shoot an arrow. The arrow barely misses the adder.
You feel sick.
A jackal comes into view.
The adder completely misses you.
You shoot an arrow. The jackal barks!
The arrow hits the adder.
The adder is moderately wounded.
You feel sick. The jackal bites you. The adder completely misses you.
The jackal barely misses you. The adder misses you.
You shoot an arrow. The arrow misses the adder.
You feel sick. The jackal closely misses you. The adder completely misses you.
The jackal misses you.
You shoot an arrow. The arrow hits the adder.
The adder is severely wounded.
You feel sick.
You are no longer poisoned.
An adder comes into view.
The adder bites you.
You die...

#...# ### #...####...
#####........# #.#
.............## #..
............... #.#
...........## #. #.#
#..hSh....S #. #.#
#..@#######.. #.###.#
#..)......#.# #.#...###
#...#####.#.# #
#.).....#####...#####.#.# .#
#...#.#............##.#.##..
##.....#..####.#.##.##.#....
.....###..####......######
###.#<.......#.#......#\###
#.......##.#.##.....'##.#


You could see 2 adders and 2 jackals.

Vanquished Creatures
  An endoplasm (D:2)
  A giant cockroach (D:1)
  3 goblins
  4 hobgoblins (D:1)
  A quokka (D:1)
  5 ball pythons
  3 bats (D:1)
  2 frilled lizards (D:1)
  2 kobolds (D:1)
  2 rats (D:1)
24 creatures vanquished.

Notes
Turn   | Place    | Note
-------+----------+-------------------------------------------
     0 | D:1      | qw the Spriggan Hunter began the quest for the Orb.
     0 | D:1      | Reached XP level 1. HP: 10/10 MP: 2/2
     0 | D:1      | 0 ||| qw: Version: 0.3-a-155-g5e7d8dd
     0 | D:1      | 0 ||| qw: Game counter: 1130
     0 | D:1      | 0 ||| qw: Melee chars always use a shield: true
     0 | D:1      | 0 ||| qw: God list: Okawaru
     0 | D:1      | 0 ||| qw: Allow faded altars: false
     0 | D:1      | 0 ||| qw: Do Orc after clearing Dungeon:15 true
     0 | D:1      | 0 ||| qw: Do second Lair branch before Depths: true
     0 | D:1      | 0 ||| qw: Lair rune preference: random
     0 | D:1      | 0 ||| qw: Goals: Normal
     0 | D:1      | 0 ||| PLANNING D:1-11
    22 | D:1      | Reached skill level 3 in Dodging
   122 | D:1      | Reached XP level 2. HP: 14/14 MP: 3/3
   787 | D:1      | 787 ||| READING scroll labelled XAUSILL XIYLI.
   788 | D:1      | 788 ||| DROPPING scroll of butterflies.
   849 | D:2      | Found Riaqal's Jewellery Boutique.
   860 | D:2      | 860 ||| SHOPLISTING amulet of reflection (330 gold, have
                  | 73).
   860 | D:2      | 860 ||| SHOPLISTING amulet of regeneration (330 gold, have
                  | 73).
   860 | D:2      | 860 ||| SHOPLISTING ring "Kekhec" {rPois rF+ Int+6} (596
                  | gold, have 73).
   860 | D:2      | 860 ||| SHOPLISTING ring of fire (275 gold, have 73).
   860 | D:2      | 860 ||| SHOPLISTING ring of poison resistance (220 gold,
                  | have 73).
   860 | D:2      | 860 ||| SHOPLISTING ring of resist corrosion (220 gold,
                  | have 73).
   964 | D:2      | HP: 3/14 [jackal (2)]
   966 | D:2      | Slain by an adder

Levels and vault maps discovered:
D:1:      ldierk_walled_garden, layout_basic, grunt_decor_mini_mirrors
D:2:      layout_loops_cross, serial_shops, nicolae_shop_tiny_glass,
          shapermc_ecumenical_altar_petra, nicolae_elevator_lobby_plus

Skill      XL: |  1  2 |
---------------+-------+-----
Dodging        | 3 4 |  4.0
Fighting       | |  1.5
Ranged Weapons | |  4.3
Stealth        | |  1.5

Action                     || total
---------------------------++-------
   Fire: Shortbow          ||    58
    Use: Scroll            ||     1
 Armour: Robe              ||    11
  Dodge: Dodged            ||    29

Table legend:
 A = Non-vault XP
 B = Vault XP
 C = Vault XP percentage of total XP
 D = Non-vault monster count
 E = Vault monster count
 F = Vault count percentage of total count
                 A         B        C        D         E       F
            +---------+---------+-------+---------+---------+-------
      Total |      38 |       0 |   0.0 |      24 |       0 |   0.0
            +---------+---------+-------+---------+---------+-------
        D:1 |      33 |       0 |   0.0 |      21 |       0 |   0.0
        D:2 |       5 |       0 |   0.0 |       3 |       0 |   0.0
            +---------+---------+-------+---------+---------+-------
